cohdb
Replays
Latest Replays
All Replays
Popular Replays
Top Player Replays
Match Explorer
How It Works
Community
CoH3 Stats
Reddit
Sign in to upload your games and track your stats! →
Sign in with Steam
Match 41383801
Unlisted
Match 41383801
Overview
Messages
Build Orders
End
Panzerpioneer Squad
Panzergrenadier Squad
Selects Panzerjäger Kommand Battlegroup
Panzergrenadier Squad
Selects Mine Fields
250 Light Carrier
Selects GrB 39 Grenade Launcher Requisition
Selects Tank Busters
Construct Light Support Kompanie
Panzerjäger Squad
Assault Mechanized Group
Combat Half-tracks
Construct Mechanized Kompanie
Construct Panzerarmee Kommand
Selects Defensive Positions
Selects Crew Shock Tactics
Veteran Squad Leaders
Armored Reserves
Tiger Heavy Tank
Emergency Repair Kits
Crew Shock Tactics
Vehicle Survival Package
Selects Elefant Tank Destroyer
Elefant Tank Destroyer
Crew Shock Tactics
Advanced Optics
Chad Kensington
ryuklikesapples
Genius Malignus
t987987588
Khayyam
Bearly
Corpse
Barbar Jinks
0
0
Comments
sign in to comment!
No comments posted yet!